 Dungeon Crawl Stone Soup version 0.26-a0-67-g850bfe61e3 (webtiles) character file.

Game seed: 9352440322091604291

213 syozha the Ruffian (level 5, 0/37 HPs)
             Began as an Octopode Chaos Knight on June 12, 2020.
             Was a Plaything of Xom.
             Slain by an orc wizard
             ... wielding a +2 dagger of electrocution
              (15 damage)
             ... on level 4 of the Dungeon.
             The game lasted 00:03:20 (2910 turns).

syozha the Ruffian (Octopode Chaos Knight)          Turns: 2910, Time: 00:03:21

Health: 0/37       AC:  1    Str: 12    XL:     5   Next: 90%
Magic:  5/5        EV: 14    Int: 15    God:    Xom [.*....]
Gold:   123        SH:  0    Dex: 11    Spells: 4/4 levels left

rFire    . . .     SeeInvis .     - Unarmed
rCold    . . .     Gourm    .   (no shield)
rNeg     . . .     Faith    .   (helmet restricted)
rPois    .         Spirit   .   (no amulet)
rElec    .         Reflect  .   (no ring)
rCorr    .         Harm     .   (no ring)
MR       .....                  (no ring)
Stlth    ++........             (no ring)
HPRegen  0.12/turn              (no ring)
MPRegen  0.09/turn              (no ring)
                                (no ring)
                                (no ring)

@: no status effects
A: almost no armour, stealthy swim, amphibious, 8 rings, constrict 8, camouflage
1, gelatinous body 1
a: Renounce Religion


You were on level 4 of the Dungeon.
You worshipped Xom.
You were a plaything of Xom.
You were not hungry.

You visited 1 branch of the dungeon, and saw 4 of its levels.

You collected 123 gold pieces.

Inventory:

Missiles
 b - 146 stones
 c - 26 poisoned darts (quivered)
 k - 16 sling bullets
Scrolls
 e - 2 scrolls of identify {@r1}
 h - 2 scrolls of fog
 i - 5 scrolls of random uselessness
 j - a scroll of amnesia
Potions
 d - a potion of ambrosia
 f - a potion of haste
 g - a potion of lignification
 m - a potion of degeneration {unknown}
 n - a potion of brilliance {unknown}
Comestibles
 a - 4 rations


   Skills:
 + Level 4.0 Fighting
 + Level 3.6 Dodging
 * Level 5.0 Unarmed Combat


You had 4 spell levels left.
You didn't know any spells.
Your spell library was empty.

Dungeon Overview and Level Annotations

Branches:
Dungeon (4/15)
 Temple: D:4-7

Altars:
Nemelex Xobeh
Wu Jian


Innate Abilities, Weirdness & Mutations

You cannot wear most types of armour.
You are very stealthy in the water. (Stealth+)
You are amphibious.
You can wear up to eight rings at the same time.
You can use your tentacles to constrict eight enemies at once.
Your skin changes colour to match your surroundings (Stealth+).
Your rubbery body absorbs attacks. (AC +1, EV +1)


Message History

The frilled lizard hisses angrily.
Things that are here:
a +0 dagger; a poisoned dart; an orc corpse The frilled lizard bites you but does no damage.
You closely miss the frilled lizard. Your grab misses the frilled lizard.
The frilled lizard closely misses you.
You tentacle-slap the frilled lizard but do no damage.
You grab the frilled lizard. You constrict the frilled lizard.
The frilled lizard closely misses you.
You tentacle-slap the frilled lizard.
You kill the frilled lizard!
Your Unarmed Combat skill increases to level 5!
You tentacle-slap the orc wizard. You grab the orc wizard.
You constrict the orc wizard, but do no damage.
The orc wizard hits you with a +2 dagger of electrocution!
You tentacle-slap the orc wizard. You constrict the orc wizard.
The orc wizard hits you with a +2 dagger of electrocution.
You are electrocuted!
You die...
Xom yawns loudly!

#.# #.# #.#
#.# #.# #.#
#o#
#@###########
#.))........#
###########.#
#


You could see an orc wizard.

Vanquished Creatures
  A scorpion (D:4)
  A howler monkey (D:4)
  A hound (D:4)
  An adder (D:4)
  An ooze (D:3)
  3 dart slugs (D:1)
  3 leopard geckos
  4 orcs
  A ball python (D:3)
  6 bats
  3 giant cockroaches
  7 goblins
  9 hobgoblins
  6 jackals (D:1)
  2 quokkas
  3 frilled lizards
  8 kobolds
  7 rats
67 creatures vanquished.

Notes
Turn   | Place    | Note
-------+----------+-------------------------------------------
     0 | D:1      | syozha the Octopode Chaos Knight began the quest for the
                  | Orb.
     0 | D:1      | Reached XP level 1. HP: 16/16 MP: 1/1
    32 | D:1      | Reached XP level 2. HP: 11/21 MP: 2/2
   127 | D:1      | XOM: silly message
   490 | D:1      | XOM is BORED!
   490 | D:1      | XOM: noise
   496 | D:1      | XOM: divination: magic mapping
   524 | D:1      | Reached XP level 3. HP: 26/26 MP: 3/3
  1068 | D:1      | XOM: confuse monster(s)
  1204 | D:2      | Found a faded altar of an unknown god.
  1282 | D:2      | Found an ornate altar of the Wu Jian Council.
  1483 | D:2      | Found a sparkling altar of Nemelex Xobeh.
  1795 | D:2      | Reached skill level 4 in Unarmed Combat
  1795 | D:2      | Reached XP level 4. HP: 26/31 MP: 4/4
  1866 | D:2      | XOM is BORED!
  2265 | D:3      | XOM: 2-stop teleportation journey
  2565 | D:3      | XOM: smoke on damage
  2771 | D:4      | XOM: enchant monster (bad)
  2774 | D:4      | Reached XP level 5. HP: 25/37 MP: 5/5
  2853 | D:4      | Noticed an ogre
  2890 | D:4      | XOM: 1-stop teleportation journey
  2908 | D:4      | Reached skill level 5 in Unarmed Combat
  2910 | D:4      | Slain by an orc wizard

Illustrated notes

Levels and vault maps discovered:
D:1:      dpeg_arrival_solitude, layout_rooms, minmay_misc_feat_more_columns,
          chequers_decorated_corner
D:2:      layout_rooms, nicolae_overflow_hidden_temple, serial_co_window_serial,
          co_window_corner_a, co_window_paths_a, co_window_of_opportunity_a,
          co_window_paths_a, co_window_of_opportunity_a, co_window_paths_a,
          co_window_paths_a, co_window_of_opportunity_b, co_window_broadway_b,
          co_window_cross_2, glass_columns_b, glass_columns_b, glass_columns_a,
          chequers_ecumenical_altar_simple_redux, nemelex_spade_bored_becter
D:3:      layout_basic, first_ration
D:4:      layout_loops_ring

Skill      XL: |  1  2  3  4  5 |
---------------+----------------+-----
Dodging        | 3 |  3.6
Unarmed Combat | 4 5 |  5.0
Fighting       | 4 |  4.0

Action                   |  1- 3 |  4- 6 || total
-------------------------+-------+-------++-------
Melee: Unarmed           |    87 |    64 ||   151
       Constrict         |    18 |    16 ||    34
       Tentacles         |    15 |     6 ||    21
       Punch             |     1 |     3 ||     4
Throw: Dart              |       |     4 ||     4
  Use: Scroll            |       |     6 ||     6
 Stab: Sleeping          |     4 |     2 ||     6
  Eat: Chunk             |     2 |     4 ||     6
Armor: Skin              |     6 |     4 ||    10
Dodge: Dodged            |    62 |    54 ||   116

Table legend:
 A = Non-vault XP
 B = Vault XP
 C = Vault XP percentage of total XP
 D = Non-vault monster count
 E = Vault monster count
 F = Vault count percentage of total count
                 A         B        C        D         E       F
            +---------+---------+-------+---------+---------+-------
      Total |     305 |       0 |   0.0 |      67 |       0 |   0.0
            +---------+---------+-------+---------+---------+-------
        D:1 |      70 |       0 |   0.0 |      37 |       0 |   0.0
        D:2 |      12 |       0 |   0.0 |       7 |       0 |   0.0
        D:3 |      33 |       0 |   0.0 |      14 |       0 |   0.0
        D:4 |     190 |       0 |   0.0 |       9 |       0 |   0.0
            +---------+---------+-------+---------+---------+-------
